 Dungeon Crawl Stone Soup version 0.14-a0-2618-g5301534 (webtiles) character file.

292 Psiweapon the Vexing (level 5, 0/35 HPs)
             Began as a Vampire Enchanter on Feb 15, 2014.
             Slain by a giant frog (3 damage)
             ... in a sewer.
             The game lasted 00:21:14 (4015 turns).

Psiweapon the Vexing (Vampire Enchanter)            Turns: 4015, Time: 00:21:14

HP   0/35        AC  6     Str  8      XL: 5   Next: 54%
MP   2/9         EV  9     Int 22      God:
Gold 85          SH  0     Dex 14      Spells:  2 memorised,  5 levels left

rFire  + . .     SeeInvis +     a - +1 dagger
rCold  + . .     Clarity  .     v - +0 elf ring mail
rNeg   + + .     Conserve .     (no shield)
rPois  +         rCorr    .     (no helmet)
rElec  .         rRot     +     D - +0 dwarf cloak
SustAb . .       Spirit   .     (no gloves)
rMut   .         Warding  .     (no boots)
Saprov . . .     Stasis   .     t - amulet of rage
MR     .....                    (no ring)
                                q - ring of protection from fire {unknown}

@: regenerating slowly, brilliant, very slightly contaminated, constricted, not
resistant to hostile enchantments, unstealthy
A: fangs 3, see invisible, unbreathing
a: Bat Form, Evoke Berserk Rage


You were in a sewer.
You were very thirsty.

You visited 1 branch of the dungeon, and saw 4 of its levels.
You also visited: Sewer.

You collected 85 gold pieces.

Inventory:

Hand weapons
 a - a +1,+1 dagger (weapon)
 g - a +0,+0 flail
 m - a +0,+0 elven short sword
 y - a cursed -3,-1 short sword
Missiles
 d - 14 darts (quivered)
 h - 2 poisoned darts
 p - 4 tomahawks
 s - 5 needles of frenzy
 B - 8 poisoned needles
Armour
 b - a +1 robe
 v - a +0 elven ring mail (worn)
 D - a +0 dwarven cloak (worn)
Scrolls
 f - a scroll of enchant armour {unknown}
 i - a scroll of fog {unknown}
 j - a scroll of identify {unknown}
 k - a scroll of remove curse {unknown}
 n - a scroll of enchant weapon I {unknown}
 o - a scroll of amnesia
 r - a scroll of immolation
 z - 2 scrolls of fear {unknown}
 C - a scroll of recharging {unknown}
 F - a scroll of acquirement {unknown}
 G - a scroll of teleportation {unknown}
Jewellery
 q - a ring of protection from fire (left hand) {unknown}
 t - an amulet of rage (around neck)
Potions
 l - a potion of curing
 u - a potion of brilliance
 w - a potion of might {unknown}
 x - a potion of magic {unknown}
 A - a potion of resistance {unknown}
 E - a potion of heal wounds {unknown}
Books
 c - a book of Maledictions

   Spells                             Type                      Level
   *Corona                            Hexes                        1
   Sure Blade                         Hexes/Charms                 2
   *Ensorcelled Hibernation           Hexes/Ice                    2
   Confuse                            Hexes                        3
   Enslavement                        Hexes                        4
   Invisibility                       Hexes                        6
Carrion
 e - a grey rat skeleton


   Skills:
 + Level 2.5 Short Blades
 - Level 1.0 Throwing
 + Level 4.0 Dodging
 + Level 5.0 Stealth
 - Level 2.0 Spellcasting
 + Level 5.9 Hexes


You had 5 spell levels left.
You knew the following spells:

 Your Spells              Type           Power        Failure   Level  Hunger
a - Corona                Hex            #####..      1%          1    #......
b - Ensorcelled Hibernat  Hex/Ice        ####..       1%          2    ##.....


Dungeon Overview and Level Annotations

Branches:
Dungeon (4/16)
 Temple: D:4-7

Altars:
Ashenzari
Cheibriados
Fedhas
Xom


Innate Abilities, Weirdness & Mutations

You heal slowly.
You have razor-sharp teeth.*
You have supernaturally acute eyesight.
You can survive without breathing.*


Message History

The ball python closely misses you. The ball python constricts you.
The giant frog barely misses you. The ball python barely misses you.
Drink which item? (? for menu, Esc to quit)
You feel clever all of a sudden.
It was a potion of brilliance.
The giant frog hits you.
* * * LOW HITPOINT WARNING * * *
The ball python bites you but does no damage.
The ball python closely misses you. The ball python constricts you.
The ball python closely misses you.
You escape the ball python's grasp.
The giant frog hits you but does no damage.
The ball python bites you but does no damage.
The ball python grabs you. The ball python constricts you.
The ball python barely misses you. The giant frog hits you.
* * * LOW HITPOINT WARNING * * *
The ball python bites you but does no damage.
The ball python constricts you.
The ball python bites you but does no damage.
The giant frog closely misses you. The giant frog hits you.
You die...

########################
#....≈≈≈≈≈≈≈≈≈≈≈≈≈≈≈≈..###
....≈≈≈≈≈≈≈≈≈≈≈≈≈≈≈≈≈....#
#....≈≈≈≈SF≈≈≈≈≈≈≈≈≈≈≈.....
#.....≈≈SF@%≈≈≈≈≈≈≈≈≈≈.....
#.....≈≈≈S≈≈≈≈≈≈≈≈≈≈≈≈.....
#....≈≈≈≈≈≈≈≈≈≈≈≈≈≈≈≈≈....
#+#####################...
####.. #..'.. #..##. #####.
#..


You could see 2 giant frogs and 3 ball pythons.

Vanquished Creatures
  6 adders
  A gnoll (D:1)
  A giant mite (D:2)
  22 grey rats
  2 oozes
  14 ball pythons
  5 bats
  6 giant cockroaches
  6 goblins
  6 hobgoblins
  A quokka (D:2)
  A giant gecko (D:2)
  4 giant newts
  8 kobolds
  14 rats
97 creatures vanquished.

Notes
Turn   | Place    | Note
--------------------------------------------------------------
     0 | D:1      | Psiweapon, the Vampire Enchanter, began the quest for the Orb.
     0 | D:1      | Reached XP level 1. HP: 13/13 MP: 3/3
    49 | D:2      | Found a shimmering altar of Xom.
   143 | D:1      | Reached skill level 1 in Throwing
   265 | D:1      | Reached XP level 2. HP: 11/19 MP: 4/4
   269 | D:1      | Learned a level 2 spell: Ensorcelled Hibernation
  1040 | D:1      | Reached XP level 3. HP: 21/24 MP: 0/6
  1360 | D:2      | Reached skill level 5 in Hexes
  1520 | D:2      | Found a blossoming altar of Fedhas.
  1553 | D:2      | Found a shattered altar of Ashenzari.
  1584 | D:2      | Found a snail-covered altar of Cheibriados.
  2073 | D:2      | Reached XP level 4. HP: 30/30 MP: 2/7
  2381 | D:3      | Found a glowing drain.
  2480 | Sewer    | Entered a sewer
  2673 | Sewer    | Reached XP level 5. HP: 18/35 MP: 9/9
  3799 | Sewer    | Reached skill level 5 in Stealth
  4005 | Sewer    | Noticed a giant frog
  4006 | Sewer    | Noticed a giant frog
  4015 | Sewer    | Slain by a giant frog

Action                   |  1- 3 |  4- 6 || total
-------------------------+-------+-------++-------
Melee: Dagger            |    68 |   229 ||   297
       Short sword       |     4 |    14 ||    18
Throw: Dart              |     1 |       ||     1
 Cast: Corona            |     1 |       ||     1
       Ensorcelled Hiber |    21 |    40 ||    61
  Use: Scroll            |       |     6 ||     6
       Potion            |       |     2 ||     2
 Stab: Sleeping          |    22 |    30 ||    52
